[Event "*** Titled Tuesday Blitz"]
[Site "Chess.com"]
[Date "2020.05.19"]
[Round "6"]
[White "TigrVShlyape"]
[Black "IIIlllII1llIl"]
[Result "1-0"]
[WhiteElo "2817"]
[BlackElo "2635"]
[TimeControl "180+1"]
[EndTime "13:09:50 PDT"]
[Termination "TigrVShlyape won on time"]

1. d4 Nf6 2. Nf3 g6 3. c3 Bg7 4. Bf4 O-O 5. Nbd2 Nh5 6. Be5 f6 7. Bg3 d5 8. e4 c6 9. Bd3 e5 10. dxe5 Nxg3 11. hxg3 fxe5 12. Qe2 Nd7 13. O-O-O Nc5 14.
Bc2 Be6 15. Nb3 Nd7 16. exd5 cxd5 17. Rh4 Qf6 18. Rdh1 h5 19. Qe3 a5 20. Nbd2 a4 21. a3 Rac8 22. Qg5 Nc5 23. Qxf6 Bxf6 24. Rb4 e4 25. Ne1 Be5 26. f4 exf3 27. Nexf3 Bxg3 28. Bxg6 Kg7 29. Bc2 Bg4 30. Kb1 Rfe8 31. Nd4 Be5 32. Nf5+ Kf6 33. Ne3 Kg5 34. Nxg4 hxg4 35. Rb6 Re6 36.
Rxe6 Nxe6 37. Bxa4 Nf4 38. Re1 Bf6 39. g3 Nh5 40. Re3 Rf8 41. Rd3 d4 42. cxd4 Bd8 43.
Ne4+ Kh6 44. Bd7 Rf3 45. Rxf3 gxf3 46. Bg4 Nf6 47. Bxf3 Nxe4 48. Bxe4 b6 49. g4 Kg5 50. Bf3 Kf4 51. Bd1 Ke4 52. Kc2 Kxd4 53. Kb3 Kc5 54. Bc2 b5 55. Bf5 Bf6 56. Kc2 b4 57.
a4 Kb6 58. b3 Kc5 59. Kd3 1-0

[Event "*** Titled Tuesday Blitz"]
[Site "Chess.com"]
[Date "2020.05.19"]
[Round "6"]
[White "Nara_Kh"]
[Black "pfalcon1949"]
[Result "1-0"]
[WhiteElo "2286"]
[BlackElo "1961"]
[TimeControl "180+1"]
[EndTime "13:09:50 PDT"]
[Termination "Nara_Kh won by checkmate"]

1. e4 e6 2. d4 d5 3. Nd2 c5 4.
Ngf3 Nc6 5. exd5 exd5 6. Bb5 Qe7+ 7. Be2 Qc7 8. O-O Bd6 9. dxc5 Bxc5 10. Nb3 Bd6 11.
Re1 Nge7 12. h3 O-O 13. Nbd4 Ng6 14. Nb5 Qb8 15. Qxd5 Bf4 16. Bxf4 Nxf4 17. Qd6 Nxe2+ 18. Rxe2 Qxd6 19. Nxd6 Rb8 20. c4 b6 21. Nxc8 Rbxc8 22. Rd1 Rfd8 23. Red2 Rxd2 24. Rxd2 Rc7 25. b3 f6 26. Kf1 Kf7 27. Ke2 Ke7 28. Ke3 Nb4 29. Ke4 Nc6 30. a3 Kf7 31. b4 Re7+ 32. Kd3 Ne5+ 33. Nxe5+ Rxe5 34. Kc3 Re7 35. Kd3 Rd7+ 36. Kc3 Rc7 37. Rd6 Ke7 38. Rd5 Ke6 39. Kd4 g5 40. c5 bxc5+ 41. bxc5 h5 42. g4 hxg4 43. hxg4 Ke7 44.
Rd6 Rb7 45. Kd5 Rb3 46. Ra6 Rd3+ 47. Kc6 Rf3 48. Rxa7+ Ke6 49. Ra8 Rxf2 50. Re8+ Kf7 51. Re4 Ra2 52. a4 Kg6 53. Kc7 Kf7 54. c6 f5 55. gxf5 Kf6 56. Kc8 Kxf5 57. Rc4 g4 58. c7 g3 59. Kb8 Rb2+ 60. Ka8 g2 61.
Rc1 Rc2 62. Rxc2 g1=Q 63. c8=Q+ Ke5 64. Qc7+ Kd4 65. Qb6+ Kd3 66. Qxg1 Kxc2 67. a5 Kb3 68. a6 Kb4 69. a7 Ka5 70. Kb7 Kb5 71. a8=Q Kc4 72.
Qa4+ Kd5 73. Qg5+ Ke6 74. Qc6+ Kf7 75. Qgg6+ Kf8 76. Qcd6# 1-0

[Event "*** Titled Tuesday Blitz"]
[Site "Chess.com"]
[Date "2020.05.19"]
[Round "6"]
[White "WildBizon"]
[Black "Maghalashvili"]
[Result "1/2-1/2"]
[WhiteElo "2639"]
[BlackElo "2803"]
[TimeControl "180+1"]
[EndTime "13:09:52 PDT"]
[Termination "Game drawn by agreement"]

1. e4 c5 2. Nf3 d6 3. d4 cxd4 4.
Nxd4 Nf6 5. Nc3 a6 6. h3 g6 7. Be3 Bg7 8. Qd2 b5 9. g4 Bb7 10. Bg2 Nbd7 11. O-O O-O 12. a4 b4 13. Nd5 a5 14. f4 Nc5 15. Nxf6+ Bxf6 16. e5 Bxg2 17. Qxg2 dxe5 18. Nc6 Qc7 19. Bxc5 Rac8 20. fxe5 Qxc6 21. Qxc6 Rxc6 22. exf6 Rxc5 23. fxe7 Re8 24. Rfe1 Rxc2 25. Rad1 f6 26. Rd5 Rxb2 27. Rxa5 Kf7 28. Ra7 Ra2 29. a5 b3 30. Rb7 Rxa5 31. Rxb3 Ra7 32. Kg2 Raxe7 33.
Rxe7+ Rxe7 34. Kg3 Rd7 35. Rc3 Ke6 36. Rc6+ Ke5 37. Rc3 f5 38. gxf5 gxf5 39. Rf3 Rd4 40. Ra3 h5 41. Kf3 Rf4+ 42. Kg3 h4+ 43. Kg2 Rb4 44.
Kf3 Kf6 45. Rc3 Kg5 46. Ra3 Rb1 47. Rc3 Rg1 48. Kf2 Rd1 49. Kf3 Kf6 50. Rc6+ Ke5 51.
Rc3 Rf1+ 52. Ke2 Rg1 53. Kf2 Kd4 54. Rf3 Rg5 55. Rf4+ Ke5 56. Rxh4 f4 57. Rg4 Rh5 58. Rg8 Rxh3 59. Re8+ Kf5 60. Rf8+ Ke4 61. Re8+ Kf5 62. Rf8+ 1/2-1/2

[Event "*** Titled Tuesday Blitz"]
[Site "Chess.com"]
[Date "2020.05.19"]
[Round "6"]
[White "AlexTriapishko"]
[Black "Marcan2b"]
[Result "0-1"]
[WhiteElo "2724"]
[BlackElo "2472"]
[TimeControl "180+1"]
[EndTime "13:09:52 PDT"]
[Termination "Marcan2b won on time"]

1. d4 Nf6 2. Nc3 d5 3. Bf4 e6 4.
e3 Bb4 5. Bd3 c5 6. dxc5 Nbd7 7.
Ne2 Nxc5 8. O-O O-O 9. a3 Ba5 10. b4 Nxd3 11. cxd3 Bb6 12. Rc1 Re8 13. Na4 e5 14. Bg5 h6 15. Bh4 Qd6 16. Bg3 Nh5 17. Nxb6 axb6 18. Nc3 Nxg3 19. hxg3 Be6 20. Nb5 Qd7 21. Nc7 Rxa3 22. Nxe8 Qxe8 23. Qc2 Qb5 24. Qb2 Rxd3 25. Qxe5 Qxb4 26. Rb1 Rb3 27. Rxb3 Qxb3 28. Qb8+ Kh7 29. Qxb7 b5 30. Qb6 b4 31. Qd4 Bf5 32. g4 Bg6 33. Rc1 Qa3 34. Ra1 Qb3 35. Ra7 Qb1+ 36.
Kh2 b3 37. Rb7 Qc2 38. Kg3 Qc4 39. Qb2 Bc2 40. Rxf7 d4 41. Rb7 Qc3 42. Qxc3 dxc3 43. e4 b2 44. e5 b1=Q 45. Rxb1 Bxb1 0-1

[Event "*** Titled Tuesday Blitz"]
[Site "Chess.com"]
[Date "2020.05.19"]
[Round "6"]
[White "kirillshevchenko"]
[Black "Funo09"]
[Result "0-1"]
[WhiteElo "2926"]
[BlackElo "2755"]
[TimeControl "180+1"]
[EndTime "13:09:53 PDT"]
[Termination "Funo09 won on time"]

1. e4 Nf6 2. e5 Nd5 3. d4 Nb6 4. c4 d6 5. exd6 exd6 6. Nc3 Be7 7. Bd3 O-O 8. Nge2 Nc6 9. O-O Bg4 10. b3 Bf6 11. Be3 Re8 12. Qd2 Qd7 13. Ne4 Bd8 14.
N2c3 Bh5 15. Rae1 Bg6 16. d5 Ne5 17. Bb1 Bh4 18. Bd4 Qg4 19. Kh1 f5 20. h3 Qh5 21.
Ng3 Bxg3 22. fxg3 Nbd7 23. Nb5 Rac8 24. Nxa7 Ra8 25. Nb5 Rac8 26. Qf4 Rf8 27. Bc2 h6 28. Be3 Bh7 29. Nd4 Nc5 30. Rd1 Ne4 31. Bxe4 fxe4 32.
Qh4 Qxh4 33. gxh4 Rxf1+ 34. Rxf1 c6 35. Ne6 cxd5 36. cxd5 Bg6 37. Bf4 Rc2 38. Bxe5 dxe5 39. d6 Rd2 40. Rf8+ Kh7 41. Rd8 Bf5 42. Nf8+ Kg8 43.
h5 e3 44. d7 e2 45. Ng6+ Kf7 46. Nxe5+ Ke7 47. Re8+ Kf6 48. Nf3 Bxd7 49. Re3 Rxa2 0-1

[Event "*** Titled Tuesday Blitz"]
[Site "Chess.com"]
[Date "2020.05.19"]
[Round "6"]
[White "Korchmar_Vasiliy"]
[Black "Lovinski"]
[Result "1-0"]
[WhiteElo "2613"]
[BlackElo "2463"]
[TimeControl "180+1"]
[EndTime "13:09:54 PDT"]
[Termination "Korchmar_Vasiliy won by resignation"]

1. d4 d5 2. c4 e6 3. Nf3 a6 4. g3 dxc4 5. Bg2 b5 6. Ne5 c6 7.
O-O Bb7 8. b3 cxb3 9. axb3 Nf6 10.
Nc3 Bb4 11. Bb2 O-O 12. Ne4 Nd5 13. Qc2 Be7 14. Rfc1 Qb6 15. Nc5 Bxc5 16. dxc5 Qc7 17. e4 Nf6 18. Rd1 Nbd7 19. Rd6 Rad8 20. Rad1 Nxe5 21.
Bxe5 Qe7 22. Qd2 Rc8 23. h3 h6 24. g4 Nh7 25. Rd7 Qxc5 26. Bd4 Qa3 27. Rxb7 Qxb3 28.
Bc5 Rfe8 29. Qd7 e5 30. Rd3 Qe6 31. Qxe6 Rxe6 32. Rdd7 Ng5 33. h4 Rf6 34. hxg5 hxg5 35. Ra7 a5 36. Rxa5 Kh7 37. Raa7 Kg6 38. f3 Rh8 39. Kf2 Rh2 40. Kg3 Rh8 41. Be7 Re6 42. Bb4 Rf6 43. Bc3 Re8 44. Re7 Rxe7 45. Rxe7 Rd6 46.
Bxe5 Rd3 47. Rc7 f6 48. Rxc6 b4 49. Rb6 b3 50. Bd6 Rc3 51. Rb7 Kh6 52. Bf8 Kh7 53.
Rxg7+ Kh8 54. Rb7 Kg8 55. Be7 Kf7 56. Bb4+ Ke6 57. Bxc3 1-0

[Event "*** Titled Tuesday Blitz"]
[Site "Chess.com"]
[Date "2020.05.19"]
[Round "6"]
[White "DraG0s3L"]
[Black "Cambek64"]
[Result "1-0"]
[WhiteElo "2514"]
[BlackElo "2329"]
[TimeControl "180+1"]
[EndTime "13:09:55 PDT"]
[Termination "DraG0s3L won by checkmate"]

1. d4 d6 2. e4 e5 3. dxe5 dxe5 4. Qxd8+ Kxd8 5. Bc4 Be6 6. Bxe6 fxe6 7. Nf3 Bd6 8. Nbd2 Nf6 9. O-O Ke7 10. Re1 Nc6 11. Nc4 b5 12. Ncd2 a6 13. c3 h6 14.
h3 g5 15. Nf1 Nh5 16. g3 Nf6 17. Kg2 Rhg8 18. g4 Bc5 19. Ng3 Nd7 20. Be3 Bxe3 21. Rxe3 Nc5 22. Rh1 Rad8 23. h4 Rg7 24. hxg5 hxg5 25.
Rh5 Nd3 26. Rxg5 Nf4+ 27. Kf1 Rxg5 28. Nxg5 Rd2 29. b4 Rxa2 30. Nh5 a5 31. bxa5 Nxa5 32. Nxf4 exf4 33. Rh3 Nc4 34. Rh7+ Kd6 35. Rh6 Rc2 36.
Nxe6 Rxc3 37. Nxf4+ Ke5 38. Ne2 Nd2+ 39. Kg2 Rc2 40. Rh5+ Kxe4 41. Rxb5 Nc4 42. Ng3+ Kf4 43. g5 Ne3+ 44. Kg1 Rc1+ 45. Kh2 Ng4+ 46. Kg2 Rc2 47.
Rf5# 1-0

[Event "*** Titled Tuesday Blitz"]
[Site "Chess.com"]
[Date "2020.05.19"]
[Round "6"]
[White "Enriquack"]
[Black "Nikithebest"]
[Result "1-0"]
[WhiteElo "2311"]
[BlackElo "2435"]
[TimeControl "180+1"]
[EndTime "13:09:55 PDT"]
[Termination "Enriquack won by resignation"]

1. e4 c5 2. Nf3 d6 3. d4 cxd4 4.
Nxd4 Nf6 5. Nc3 g6 6. Be3 a6 7. f3 b5 8. a4 b4 9. Nd5 Nxd5 10. exd5 Bg7 11. Bc4 Bb7 12. O-O Nd7 13. Re1 O-O 14.
f4 Qc7 15. Nc6 Bxc6 16. dxc6 Nf6 17. Bd4 Rfe8 18. Qf3 e6 19. c3 d5 20. Bf1 bxc3 21. Qxc3 Ne4 22. Rxe4 dxe4 23. Bxg7 Rec8 24. Rc1 Qxf4 25.
Be5 Qg5 26. Bg3 f5 27. Be5 f4 28. Re1 e3 29. g3 Rf8 30. Kh1 Qh5 31. Bxf4 Qf3+ 32.
Bg2 Qf2 33. Qxe3 Qxe3 34. Rxe3 Rfe8 35. b4 h6 36. Be5 Kf7 37. h4 Rad8 38. b5 Rd1+ 39. Kh2 axb5 40. axb5 Rb1 41. Rf3+ Kg8 42. c7 Rxb5 43. Bd6 Rd5 44. Bf4 e5 45. Bxh6 Rc5 46.
Re3 Rxc7 47. Bg5 Kg7 48. Be4 Rc4 49. Kh3 Rd4 50. Bb1 Rf8 51. Ra3 Rf7 52. Ra6 Re4 53.
Bxe4 Re7 54. Rxg6+ Kf7 55. Bxe7 Kxe7 56. h5 Kf7 57. h6 1-0

[Event "*** Titled Tuesday Blitz"]
[Site "Chess.com"]
[Date "2020.05.19"]
[Round "6"]
[White "Mugzyyy"]
[Black "Off-War"]
[Result "0-1"]
[WhiteElo "2504"]
[BlackElo "2752"]
[TimeControl "180+1"]
[EndTime "13:09:57 PDT"]
[Termination "Off-War won by checkmate"]

1. d4 Nf6 2. c4 g6 3. Nc3 d6 4. e4 Bg7 5. Nf3 O-O 6. Be2 e5 7. O-O Nc6 8. d5 Ne7 9. a4 a5 10. Ne1 Nd7 11. Nd3 f5 12. f3 b6 13.
b3 Nc5 14. Ba3 f4 15. b4 axb4 16. Bxb4 Nb7 17. Nb5 g5 18. Qd2 Ng6 19. a5 bxa5 20.
Bxa5 Rxa5 21. Rxa5 c6 22. dxc6 Qxa5 23. Nb4 Nc5 24.
Rb1 Na6 25. Qd5+ Kh8 26. Nxd6 Qb6+ 27. c5 Nxc5 28. Kf1 Be6 29. Qd1 g4 30. Qc2 gxf3 31. Bxf3 Nh4 32. Nd3 Qa6 33. Be2 Nxd3 34. Bxd3 Qa3 35.
Nf5 Nxf5 36. exf5 Bc8 37. c7 Qd6 38. Rb8 Bf6 39. Be4 Kg7 40. Ke2 Kf7 41. Bb7 Bd7 42. c8=Q Bxc8 43. Rxc8 Rxc8 44. Bxc8 Kg7 45. Be6 Qa6+ 46.
Kf3 Qb6 47. g3 Qe3+ 48. Kg4 h5+ 49. Kh3 Qf3 50. Qc8 Qf1# 0-1

[Event "*** Titled Tuesday Blitz"]
[Site "Chess.com"]
[Date "2020.05.19"]
[Round "6"]
[White "DortmundCity"]
[Black "kuban1991"]
[Result "0-1"]
[WhiteElo "2501"]
[BlackElo "2749"]
[TimeControl "180+1"]
[EndTime "13:09:57 PDT"]
[Termination "kuban1991 won on time"]

1. e4 e6 2. d4 d5 3. e5 c5 4. c3 Nc6 5. Be3 Qb6 6. Qd2 cxd4 7.
cxd4 Nh6 8. Bxh6 gxh6 9. Nf3 Bd7 10. Nc3 O-O-O 11. Be2 Kb8 12. O-O Rg8 13. Rab1 Na5 14. b4 Nc4 15. Qf4 Be8 16. Bd3 h5 17. h3 h6 18. a4 Bxb4 19. Qf6 a5 20. Qxh6 Bc6 21. Rfc1 Qc7 22. Nb5 Bxb5 23. axb5 Qb6 24. Bxc4 dxc4 25. Rxc4 Qxb5 26. Rc3 Qd5 27. Rcb3 Rc8 28. Qh7 Qd7 29.
Qxh5 Rc3 30. R3b2 Rgc8 31. Qg5 Rxf3 32. gxf3 Qxd4 33. Kg2 Rc5 34. Qg8+ Ka7 35. Qxf7 Rxe5 36. Qf6 Qc3 37. h4 Qc5 38. Ra2 Bc3 39. Qf4 Rf5 40. Qe4 Qd5 41. Qxd5 Rxd5 42. Ra3 Bd2 43. Rd1 b5 44.
Ra2 Bc3 45. Rxd5 exd5 46. h5 Kb6 47. f4 b4 48. Kf3 Kb5 49. Ke2 b3 50. Ra3 Kb4 51.
Rxb3+ Kxb3 52. Kd3 a4 0-1

[Event "*** Titled Tuesday Blitz"]
[Site "Chess.com"]
[Date "2020.05.19"]
[Round "6"]
[White "DinaBelenkaya"]
[Black "cfjohansson"]
[Result "1-0"]
[WhiteElo "2209"]
[BlackElo "2335"]
[TimeControl "180+1"]
[EndTime "13:09:59 PDT"]
[Termination "DinaBelenkaya won by resignation"]

1. e4 c5 2. Nf3 d6 3. Bb5+ Nd7 4. O-O Nf6 5. Re1 e5 6. c3 Qc7 7. d4 h6 8. a4 Be7 9. Nbd2 O-O 10. Nf1 a6 11. Bd3 Re8 12. Ng3 Bf8 13. d5 g6 14.
h3 Bg7 15. Qe2 b6 16. Nh2 Nf8 17. Bd2 Bd7 18. b4 N6h7 19. Ng4 f5 20. exf5 e4 21. fxg6 Nxg6 22. Bxe4 Ne5 23. Nxh6+ Kh8 24. Qh5 Bxh6 25. Qxh6 Re7 26. Nh5 Rf7 27. Nf6 Bf5 28.
Bg5 Bxe4 29. Rxe4 Qc8 30. Rh4 Qf5 31. Nxh7 Rxh7 32. Qxh7+ Qxh7 33. Rxh7+ Kxh7 34. Be7 Nf7 35. f4 Re8 36. Re1 Kg6 37. g4 Ne5 38. fxe5 Rxe7 39. e6 Kg5 40. Kg2 Kf4 41. Rf1+ Ke5 42. Rf7 Re8 43. g5 Kxd5 44. e7 Ke6 45. g6 Rxe7 46.
Rxe7+ Kxe7 47. h4 Kf6 48. h5 d5 49. Kf3 d4 50. cxd4 c4 51. Ke3 b5 52. a5 1-0

[Event "*** Titled Tuesday Blitz"]
[Site "Chess.com"]
[Date "2020.05.19"]
[Round "6"]
[White "Boudicca64"]
[Black "robertofabregas"]
[Result "0-1"]
[WhiteElo "1998"]
[BlackElo "2111"]
[TimeControl "180+1"]
[EndTime "13:09:59 PDT"]
[Termination "robertofabregas won on time"]

1. e4 c5 2. g3 d6 3. Bg2 Nc6 4. Ne2 g6 5. h3 Bg7 6. O-O Nf6 7.
c3 O-O 8. d4 cxd4 9. cxd4 Nd7 10. Nbc3 e6 11. f4 a6 12. Be3 b5 13. a3 Bb7 14. g4 Nb6 15. b3 Rc8 16. f5 exf5 17. gxf5 f6 18. Nf4 Re8 19. Ne6 Rxe6 20. fxe6 Ne7 21. Qd2 f5 22. Bg5 Qc7 23. Rac1 Qd8 24. exf5 Bxg2 25. Kxg2 gxf5 26. Rxf5 Qe8 27. Rf7 Ng6 28.
d5 Ne5 29. Ne4 Nxf7 30. exf7+ Qxf7 31. Nxd6 Rxc1 32. Qxc1 Qxd5+ 33. Kg1 Qxd6 34. Qe3 Bd4 35. Kf2 Bxe3+ 36. Bxe3 Qe5 37. b4 Qb2+ 38. Kf3 Nc4 39. Ke4 Qxa3 40. Bc5 Qb3 41. Kd5 Nd2+ 42. Kc6 Nc4 43.
Kb7 a5 44. Ka6 axb4 45. Kxb5 Nd2 46. Bxb4 Qd3+ 47. Kc5 Nf3 48. Ba5 Ng1 49. Bb6 Nxh3 0-1

[Event "*** Titled Tuesday Blitz"]
[Site "Chess.com"]
[Date "2020.05.19"]
[Round "6"]
[White "Belka1989"]
[Black "baby_leo"]
[Result "1/2-1/2"]
[WhiteElo "2127"]
[BlackElo "2006"]
[TimeControl "180+1"]
[EndTime "13:10:00 PDT"]
[Termination "Game drawn by agreement"]

1. d4 Nf6 2. Nf3 e6 3. Bf4 b6 4. e3 Bb7 5. Be2 Be7 6. O-O Nh5 7. Bg3 O-O 8. c3 f5 9. Nbd2 Nxg3 10. hxg3 d6 11. Qb3 Qd7 12. Bc4 d5 13. Bb5 Nc6 14.
Ne5 Qd6 15. Ndf3 Nxe5 16. Nxe5 c5 17. Be2 Bf6 18. f4 Bxe5 19. dxe5 Qc6 20. Rfd1 a6 21.
a4 Rad8 22. Bf3 Qc7 23. Rd2 g5 24. Rad1 g4 25. Be2 Qc6 26. Bf1 c4 27. Qc2 Rd7 28. Rd4 Rg7 29. Kf2 Rg6 30. Be2 Rh6 31. Qc1 b5 32.
axb5 axb5 33. Rh1 Rxh1 34. Qxh1 Kg7 35. Qh5 h6 36. Qh2 Ra8 37. Rd1 Qe8 38. Rh1 Qg6 39. Rd1 Ra2 40. Rd2 Ra1 41. Rd1 Rxd1 42. Bxd1 Qe8 43. Qg1 b4 44. Qe1 b3 45. Qd2 Qa4 46. Be2 Qa1 47. Bd1 Qa5 48. Ke2 Qc5 49. Kf2 Qc6 50. Qd4 Qb5 51. Qd2 Qa4 1/2-1/2

[Event "*** Titled Tuesday Blitz"]
[Site "Chess.com"]
[Date "2020.05.19"]
[Round "6"]
[White "dennisodessa"]
[Black "hellokostya"]
[Result "0-1"]
[WhiteElo "2226"]
[BlackElo "2404"]
[TimeControl "180+1"]
[EndTime "13:10:01 PDT"]
[Termination "hellokostya won by checkmate"]

1. d4 Nf6 2. c4 g6 3. Nc3 Bg7 4. e4 d6 5. f3 O-O 6. Be3 b6 7. Bd3 a6 8. Nge2 c5 9. O-O Nc6 10. Qd2 e6 11. Rfd1 e5 12. dxc5 dxc5 13. Nd5 Nxd5 14.
cxd5 Nd4 15. b4 f5 16. bxc5 bxc5 17. Rac1 Qd6 18. Qa5 fxe4 19. fxe4 Bg4 20. Rd2 Rfc8 21. h3 Bd7 22. Nc3 c4 23. Bf1 Rc5 24. Qa3 Bf8 25. Na4 Rcc8 26. Qxd6 Bxd6 27. Nc3 Be8 28. Ne2 Nxe2+ 29. Bxe2 Bb5 30. Rdc2 Rab8 31. Bxc4 Bxc4 32. Rxc4 Rxc4 33. Rxc4 Rb1+ 34. Kh2 Rb2 35. Ra4 Bb4 36. Rxa6 h5 37. Bg5 Kf7 38. Rf6+ Kg7 39. Ra6 Bc3 40.
Bf6+ Kf7 41. a4 Rd2 42. Re6 Bd4 43. Bxe5 Be3 44. Bd6 h4 45. a5 Ra2 46. Bc7 g5 47.
Bb6 Bf4+ 48. Kh1 Bg3 49. Kg1 Ra1# 0-1

[Event "*** Titled Tuesday Blitz"]
[Site "Chess.com"]
[Date "2020.05.19"]
[Round "6"]
[White "Korona_91"]
[Black "fighter2jz"]
[Result "0-1"]
[WhiteElo "2537"]
[BlackElo "2758"]
[TimeControl "180+1"]
[EndTime "13:10:02 PDT"]
[Termination "fighter2jz won by resignation"]

1. e4 c5 2. Nf3 d6 3. Bb5+ Nd7 4. a4 a6 5. Bc4 e6 6. Nc3 Ngf6 7. d4 cxd4 8. Nxd4 Nc5 9. Qe2 Be7 10. f3 Qc7 11. O-O O-O 12. Ba2 b6 13. Be3 Bb7 14. Rad1 Rac8 15.
Qf2 Rfd8 16. Kh1 d5 17. exd5 Nxd5 18. Nxd5 Bxd5 19. Bxd5 Rxd5 20. b3 Rcd8 21. c4 R5d7 22. Qc2 Qe5 23. Qc3 Bf6 24. Rfe1 Rxd4 25. Bxd4 Rxd4 26. Rxd4 Qxd4 27. Qxd4 Bxd4 28. Rb1 e5 29. g3 f5 30. Kg2 e4 31. fxe4 fxe4 32. b4 Nxa4 33.
Rd1 Bf6 34. Rd6 Kf7 35. c5 Be7 36. Rc6 bxc5 37. Rxa6 Nc3 38. bxc5 Bxc5 39. Ra5 Bd4 40. Ra8 Ke6 41. Rd8 Bc5 42. Kf1 Ke5 43. Rd7 Kf6 44.
h4 h5 45. Ke1 e3 46. Rc7 Ne4 47. Ke2 Nxg3+ 48. Kd3 e2 49. Rc6+ Ke7 50. Rc7+ Kd6 0-1

[Event "*** Titled Tuesday Blitz"]
[Site "Chess.com"]
[Date "2020.05.19"]
[Round "6"]
[White "tteshan"]
[Black "killer311"]
[Result "1/2-1/2"]
[WhiteElo "2235"]
[BlackElo "2401"]
[TimeControl "180+1"]
[EndTime "13:10:02 PDT"]
[Termination "Game drawn by agreement"]

1. e4 c6 2. d4 d5 3. Nc3 dxe4 4.
Nxe4 Bf5 5. Ng3 Bg6 6. h4 h6 7. h5 Bh7 8. Nf3 Nf6 9. Bd3 Bxd3 10. Qxd3 e6 11. Bd2 c5 12. O-O-O Nc6 13. Bc3 Nb4 14. Qb5+ Qd7 15. Qxd7+ Nxd7 16. Bxb4 cxb4 17. Rhe1 Bd6 18.
Nf5 Bf4+ 19. Kb1 O-O 20. Ne3 Nf6 21. Rh1 Rfd8 22. Rh4 Bc7 23. g4 Bf4 24. Ng2 Bg5 25. Rhh1 Nxg4 26. Nxg5 hxg5 27. Rd2 Rd5 28. Rg1 Rad8 29.
c3 bxc3 30. bxc3 Nf6 31. Rh1 Ne4 32. Rc2 Rc8 33. Rh3 g4 34. Re3 Nf6 35. Nf4 Rb5+ 36. Rb2 Rxb2+ 37. Kxb2 Kh7 38. Re5 Kh6 39. Kb3 Rc6 40. Rb5 b6 41. a4 Ne4 42. Ne2 Nxf2 43.
c4 Ne4 44. d5 exd5 45. cxd5 Rd6 46. Nd4 Kxh5 47. Nf5 Rd7 48. Nxg7+ Kh4 49. Nf5+ Kh3 50. d6 g3 51. Re5 g2 52. Rxe4 g1=Q 53. Rh4+ Kg2 54.
Rg4+ Kf2 55. Rxg1 Kxg1 56. Kc4 Kf2 57. Kd5 Kf3 58. Kc6 Rd8 59. Kc7 Rh8 60. d7 Kf4 61. Nd6 Ra8 62. d8=Q Rxd8 63. Kxd8 f5 64. Kc7 Ke5 65.
Nxf5 Kxf5 66. Kb7 Ke6 67. Kxa7 Kd7 68. Kxb6 Kc8 69. a5 1/2-1/2

[Event "*** Titled Tuesday Blitz"]
[Site "Chess.com"]
[Date "2020.05.19"]
[Round "6"]
[White "FairChess_on_YouTube"]
[Black "Rodalquilar"]
[Result "1-0"]
[WhiteElo "3021"]
[BlackElo "2649"]
[TimeControl "180+1"]
[EndTime "13:10:03 PDT"]
[Termination "FairChess_on_YouTube won by resignation"]

1. e4 e5 2. Nf3 Nc6 3. Bb5 a6 4.
Ba4 Nf6 5. O-O Be7 6. Bxc6 dxc6 7. d3 Qd6 8. b3 Bg4 9. Bb2 Nd7 10. Nbd2 Qe6 11.
Qe1 c5 12. Qe3 Bxf3 13. Nxf3 O-O-O 14. a3 f6 15. Nd2 Nb8 16. Rfb1 Nc6 17. Nc4 b5 18. Nd2 Nd4 19. Bxd4 cxd4 20. Qe1 a5 21. a4 bxa4 22. Rxa4 Bb4 23. Qe2 Bc3 24. Nc4 Kd7 25.
Nxa5 Ra8 26. Nc4 Rxa4 27. bxa4 Ra8 28. a5 g6 29. g3 h5 30. Kg2 Qc6 31. Qf1 Bxa5 32.
Ra1 Bc3 33. Rxa8 Qxa8 34. f4 exf4 35. Qxf4 Qc6 36. g4 h4 37. g5 h3+ 38. Kxh3 Qe6+ 39. Kg2 fxg5 40. Qxg5 Kc8 41. h3 Qa6 42. Qg4+ Kb8 43. e5 Qa2 44. Qe2 Qb1 45. e6 Qc1 46. h4 Bb4 47. Ne5 Qf4 48. Nc6+ Kc8 49. Nxb4 Qxh4 50.
Qf3 Qg5+ 51. Kh3 Qh6+ 52. Kg3 Qg5+ 53. Kh3 Qh6+ 54. Kg2 Qd2+ 55. Kf1 Qxb4 56. Qa8+ Qb8 57. Qxb8+ Kxb8 58. e7 Kc8 59. e8=Q+ 1-0

[Event "*** Titled Tuesday Blitz"]
[Site "Chess.com"]
[Date "2020.05.19"]
[Round "6"]
[White "Treacherous_horse64"]
[Black "tomozupan"]
[Result "1-0"]
[WhiteElo "2395"]
[BlackElo "2194"]
[TimeControl "180+1"]
[EndTime "13:10:03 PDT"]
[Termination "Treacherous_horse64 won by resignation"]

1. d4 Nf6 2. Nf3 g6 3. Nc3 d5 4. Bf4 Bg7 5. Nb5 Na6 6. e3 O-O 7. Be2 c6 8. Nc3 Bf5 9. O-O Ne4 10.
Nd2 Nxc3 11. bxc3 b5 12. a3 Nc7 13. a4 a6 14. Bd3 Bxd3 15. cxd3 Re8 16. Qc2 e5 17.
Bg3 Qd7 18. dxe5 Bxe5 19. c4 dxc4 20. dxc4 b4 21. c5 a5 22. Rab1 Rad8 23. Nc4 Bxg3 24. hxg3 Qd3 25. Qxd3 Rxd3 26. Nxa5 Na6 27. Nxc6 b3 28.
Rfc1 Kg7 29. Nd4 Rb8 30. c6 b2 31. Rc2 Ra3 32. Rcxb2 Rc8 33. Rb7 Rxa4 34. Ra7 Kf6 35. Rbb7 Rf8 36. Rb6 Nc5 37. Rxa4 Nxa4 38. c7+ Ke7 39.
Rb8 Nb6 40. Rxb6 Kd7 41. Rb8 Rc8 42. Rxc8 Kxc8 43. Kh2 Kxc7 44. Kh3 Kd6 45. Kg4 h6 46. Kf4 Kd5 47. Nf3 f5 48. g4 fxg4 49. Kxg4 Ke4 50. Nh4 g5 51. Nf3 Kd3 52. Nxg5 Ke2 53. Nf7 Kxf2 54. e4 h5+ 55. Kxh5 1-0

[Event "*** Titled Tuesday Blitz"]
[Site "Chess.com"]
[Date "2020.05.19"]
[Round "6"]
[White "rpragchess"]
[Black "Sibelephant"]
[Result "1/2-1/2"]
[WhiteElo "2844"]
[BlackElo "3177"]
[TimeControl "180+1"]
[EndTime "13:10:04 PDT"]
[Termination "Game drawn by repetition"]

1. e4 d5 2. exd5 Qxd5 3. Nc3 Qa5 4. d4 Nf6 5. Nf3 Bg4 6. Bc4 e6 7. Bd2 Qh5 8. Qe2 Nc6 9. Bb5 Be7 10. O-O-O O-O 11. Bxc6 bxc6 12. h3 Bxf3 13. gxf3 Rfd8 14. Bf4 Bd6 15. Bxd6 cxd6 16. Rhg1 Rab8 17. Ne4 Nxe4 18. Qxe4 Qa5 19. a3 g6 20. Qe3 Rb5 21. h4 Rdb8 22. Rg5 Qa4 23. Rxb5 Qxb5 24. b3 Qf5 25. Kb2 Qf6 26. h5 gxh5 27. Qc3 Rc8 28.
Rh1 h4 29. b4 Kh8 30. Kb3 a6 31. Qe3 Rg8 32. Qe4 d5 33. Qxh4 Qxh4 34. Rxh4 Rg2 35. Ka4 Rxf2 36. Ka5 Rxc2 37. Kxa6 Ra2 38. Kb6 Rxa3 39. Kxc6 Rc3+ 40. Kd6 Rxf3 41. b5 Rb3 42. Kc6 Rc3+ 43. Kd6 Rb3 44. Kc6 Kg7 45. b6 Rc3+ 46. Kd7 Rb3 47. Kc7 Kg6 48. b7 Rc3+ 49. Kd7 Rb3 50. Kc7 Rc3+ 51. Kd7 Rb3 52. Kc7 1/2-1/2

[Event "*** Titled Tuesday Blitz"]
[Site "Chess.com"]
[Date "2020.05.19"]
[Round "6"]
[White "SketchyMoves"]
[Black "viviania"]
[Result "0-1"]
[WhiteElo "2634"]
[BlackElo "2849"]
[TimeControl "180+1"]
[EndTime "13:10:04 PDT"]
[Termination "viviania won on time"]

1. e4 e6 2. f4 d5 3. e5 c5 4. Nf3 Nc6 5. c3 Nge7 6. Na3 Bd7 7. Nc2 Nf5 8. Bd3 Be7 9. Bxf5 exf5 10. d4 c4 11. O-O Rc8 12. Ne3 Be6 13. b4 b5 14.
a4 a6 15. Kh1 h5 16. Bd2 Kf8 17. Qc2 g6 18. axb5 axb5 19. Ra6 Kg7 20. Rfa1 Qc7 21. Be1 h4 22. Qb1 Qb7 23. R1a2 Rh5 24. h3 Rhh8 25. Kg1 Rh5 26. Bf2 Rh7 27. Qe1 Rch8 28. Nc2 Rh5 29.
Be3 R5h7 30. Qd2 Rh5 31. Nce1 R5h7 32. Ng5 Bxg5 33. fxg5 Bc8 34. Bf4 Qxa6 35. Rxa6 Bxa6 36. e6 Bc8 37. e7 Re8 38. Bd6 Nxe7 39. Qe3 Be6 40. Qe5+ Kg8 41. Nf3 Nc6 42. Qf6 Bd7 43. Ne5 Re6 44. Nxd7 Rxf6 45. Nxf6+ Kg7 46. Nxh7 Kxh7 47.
Kf2 Kg7 48. Ke3 f6 49. Bf4 Kf7 50. Kf3 Nd8 51. g3 hxg3 52. gxf6 Kxf6 53. h4 Ne6 54.
Be5+ Kf7 55. Kxg3 Kg8 56. Kf3 Kh7 57. Kg3 Kh6 58. Kf3 Kh5 59. Kg3 g5 60. hxg5 Kxg5 61. Kf3 f4 62. Bd6 Kf5 63. Bb8 Ng5+ 64. Ke2 Kg4 0-1

[Event "*** Titled Tuesday Blitz"]
[Site "Chess.com"]
[Date "2020.05.19"]
[Round "6"]
[White "djamir"]
[Black "2nd_life"]
[Result "0-1"]
[WhiteElo "2713"]
[BlackElo "2459"]
[TimeControl "180+1"]
[EndTime "13:10:04 PDT"]
[Termination "2nd_life won by checkmate"]

1. d4 Nf6 2. Bf4 e6 3. e3 Bd6 4. Bg3 Bxg3 5. hxg3 c5 6. c3 b6 7. Be2 Bb7 8. Bf3 Bxf3 9. Nxf3 d5 10. Nbd2 Nc6 11. Qe2 cxd4 12. exd4 Qc7 13. a4 h6 14. Nf1 Ne4 15. N3d2 Nxd2 16. Nxd2 a6 17. g4 Na5 18. g5 Qf4 19. Nf3 Nc4 20. g3 Qe4 21. gxh6 Nxb2 22. Qxe4 dxe4 23. Nd2 Rxh6 24. Rxh6 gxh6 25. Nxe4 Nc4 26.
Rb1 Rb8 27. Nd2 Nxd2 28. Kxd2 Ke7 29. Kd3 b5 30. axb5 Rxb5 31. Rxb5 axb5 32. Kc2 Kd6 33. Kb3 Kc6 34. Kb4 Kb6 35. f3 h5 36. Kb3 Kc6 37. Ka3 Kc7 38. Kb4 Kb6 39. Kb3 f5 40. Kb4 f4 41. gxf4 h4 42. d5 exd5 43. f5 Kc6 44. f6 Kd6 45. Kxb5 h3 46. f7 Ke7 47.
Kc6 Kxf7 48. Kxd5 h2 49. Ke4 h1=Q 50. c4 Qf1 51. Kd5 Qxf3+ 52. Kd6 Qd3+ 53. Kc5 Ke7 54. Kb5 Kd8 55. Kc5 Kc7 56. Kb4 Kc6 57. Ka5 Qa3# 0-1